 Dungeon Crawl Stone Soup version 0.25-a0-35-g747a2b3c0c (webtiles) character file.

Game seed: 7895964344791637844, levelgen mode: deterministic

905 Ablot the Charmwright (level 8, 0/63 HPs)
             Began as a Gnoll Skald on Oct 19, 2019.
             Slain by a bullfrog (8 damage)
             ... in a sewer.
             The game lasted 00:09:29 (3381 turns).

Ablot the Charmwright (Gnoll Skald)                 Turns: 3381, Time: 00:09:29

Health: 0/63       AC:  7    Str: 15    XL:     8   Next: 8%
Magic:  2/16       EV: 15    Int: 16    God:
Gold:   156        SH:  0    Dex: 15    Spells: 7/18 levels left

rFire    . . .     SeeInvis .   a - +0 spear
rCold    . . .     Gourm    .   (no shield)
rNeg     . . .     Faith    .   b - +0 leather armour
rPois    .         Spirit   .   (no helmet)
rElec    .         Reflect  .   m - +0 cloak
rCorr    +         Harm     .   o - +2 pair of gloves
MR       .....                  (no boots)
Stlth    ++........             A - amulet of the acrobat
HPRegen  1.20/turn              y - ring of resist corrosion
MPRegen  0.15/turn              (no ring)

@: singing, very slightly contaminated, regenerating
A: distributed training, fangs 1, strong nose
a: no special abilities


You were in a sewer.
You were not hungry.

You visited 1 branch of the dungeon, and saw 5 of its levels.
You also visited: Sewer.

You collected 156 gold pieces.

Inventory:

Hand Weapons
 a - a +0 spear (weapon)
Missiles
 e - 27 poisoned darts (quivered)
 g - 23 bolts
 r - 90 stones
 w - 45 sling bullets
 D - 5 javelins
Armour
 b - a +0 leather armour (worn)
 c - a +0 buckler
 m - a +0 cloak (worn)
 o - a +2 pair of gloves (worn)
Jewellery
 i - an uncursed amulet of rage
 y - a ring of resist corrosion (left hand)
 A - an amulet of the acrobat (around neck)
Scrolls
 h - a scroll of amnesia {unknown}
 k - 2 scrolls of magic mapping {unknown}
 l - 2 scrolls of identify
 p - a scroll of immolation {unknown}
 t - 2 scrolls of remove curse
 v - a scroll of fear {unknown}
 B - 2 scrolls of teleportation {unknown}
 E - a scroll of blinking {unknown}
 F - 3 scrolls of fog {unknown}
Potions
 f - 2 potions of might {unknown}
 n - 3 potions of curing {unknown}
 q - 2 potions of brilliance {unknown}
 s - a potion of experience {unknown}
 u - a potion of berserk rage {unknown}
 x - 2 potions of haste {unknown}
 z - a potion of mutation {unknown}
 C - a potion of heal wounds {unknown}
Comestibles
 d - 5 rations
 j - 11 chunks of flesh


   Skills:
 + Level 5.4 Fighting
 + Level 2.8 Short Blades
 + Level 2.8 Long Blades
 + Level 2.8 Axes
 + Level 2.8 Maces & Flails
 + Level 5.4 Polearms
 + Level 2.8 Staves
 + Level 2.8 Slings
 + Level 2.8 Bows
 + Level 2.8 Crossbows
 + Level 2.8 Throwing
 + Level 3.9 Armour
 + Level 5.4 Dodging
 + Level 2.8 Stealth
 + Level 2.8 Shields
 + Level 2.8 Unarmed Combat
 + Level 5.8 Spellcasting
 + Level 2.3 Conjurations
 + Level 2.3 Hexes
 + Level 6.0 Charms
 + Level 2.3 Summonings
 + Level 2.3 Necromancy
 + Level 2.3 Translocations
 + Level 2.3 Transmutations
 + Level 2.3 Fire Magic
 + Level 2.3 Ice Magic
 + Level 2.3 Air Magic
 + Level 2.3 Earth Magic
 + Level 2.3 Poison Magic
 + Level 3.1 Invocations
 + Level 2.8 Evocations


You had 7 spell levels left.
You knew the following spells:

 Your Spells              Type           Power        Failure   Level  Hunger
a - Infusion              Chrm           ###.         1%          1    None
b - Song of Slaying       Chrm           ###.....     2%          2    #......
c - Shroud of Golubria    Chrm/Tloc      ###...       4%          2    #......
d - Regeneration          Chrm/Necr      ###.......   10%         3    ##.....
e - Spectral Weapon       Hex/Chrm       ###.....     10%         3    ##.....

Your spell library contained the following spells:

 Spells                   Type           Power        Failure   Level  Hunger


Dungeon Overview and Level Annotations

Branches:
Dungeon (5/15)              Sewer (1/1)
 Temple: D:4-7

Altars:

Annotations:
D:3 blocked Rshield, items


Innate Abilities, Weirdness & Mutations

Your experience applies equally to all skills.
You have very sharp teeth.
Your uncanny sense of smell can sniff out nearby items.


Message History

The frilled lizard misses you.
The bullfrog releases a deep croak.
The bullfrog misses you.
You puncture the bullfrog!
You kill the bullfrog!
Your Charms skill increases to level 6!
The bullfrog closely misses you. The frilled lizard closely misses you.
Unknown command.
Casting: Spectral Weapon (safe; 10% risk of failure)
Confirm with . or Enter, or press ? or * to list all spells.
Your skin crawls.
The bullfrog closely misses you. The frilled lizard barely misses you.
The bullfrog hits you.
* * * LOW HITPOINT WARNING * * *
The frilled lizard misses you.
Unknown command.
Casting: Regeneration (safe; 10% risk of failure)
Confirm with . or Enter, or press ? or * to list all spells.
Space distorts slightly along a thin shroud covering your body.
The bullfrog hits you!
You die...

∆∆∆ #..'....# ∆ ∆
#..#....# ∆∆∆ ####...##
###################....#
..≈≈≈≈≈≈≈≈≈≈≈≈≈≈≈......#
.≈≈≈≈≈≈≈≈≈≈≈≈≈≈≈≈≈....##
.≈#≈≈≈≈≈≈≈≈≈≈≈≈≈≈≈....#
.≈≈≈≈≈≈#≈l#≈≈≈≈≈≈≈....#
#l@(≈≈≈≈≈≈≈≈...##
..≈≈≈≈≈Fl≈≈≈≈≈≈≈≈..###
####################


You could see a bullfrog, 3 frilled lizards and a friendly spectral +0 spear.

Vanquished Creatures
  A phantom (D:5)
  2 bullfrogs
  An orc priest (D:5)
  A bullfrog skeleton (D:4)
  2 orc wizards
  Terence (D:2)
  8 worker ants
  A howler monkey skeleton (D:4)
  7 river rats
  12 adders
  A shadow imp (D:5)
  4 oozes
  2 worms
  6 dart slugs
  3 leopard geckos
  18 orcs
  4 giant cockroaches
  6 goblins
  5 hobgoblins
  9 jackals
  8 kobolds
  3 quokkas
  12 ball pythons
  11 bats
  5 frilled lizards
  A leopard gecko skeleton (D:4)
  29 rats
163 creatures vanquished.

Notes
Turn   | Place    | Note
-------+----------+-------------------------------------------
     0 | D:1      | Ablot the Gnoll Skald began the quest for the Orb.
     0 | D:1      | Reached XP level 1. HP: 20/20 MP: 6/6
   257 | D:1      | Reached XP level 2. HP: 22/26 MP: 7/7
   261 | D:1      | Learned a level 2 spell: Song of Slaying
   264 | D:1      | Learned a level 2 spell: Shroud of Golubria
   330 | D:1      | Reached XP level 3. HP: 27/31 MP: 9/9
   340 | D:1      | Reached skill level 5 in Spellcasting
   395 | D:1      | Learned a level 3 spell: Regeneration
   399 | D:1      | Learned a level 3 spell: Spectral Weapon
   497 | D:1      | Reached skill level 1 in Invocations
   851 | D:2      | Reached skill level 1 in Short Blades
   851 | D:2      | Reached skill level 1 in Long Blades
   851 | D:2      | Reached skill level 1 in Axes
   851 | D:2      | Reached skill level 1 in Maces & Flails
   851 | D:2      | Reached skill level 1 in Staves
   851 | D:2      | Reached skill level 1 in Slings
   851 | D:2      | Reached skill level 1 in Bows
   851 | D:2      | Reached skill level 1 in Crossbows
   851 | D:2      | Reached skill level 1 in Throwing
   851 | D:2      | Reached skill level 1 in Stealth
   851 | D:2      | Reached skill level 1 in Shields
   851 | D:2      | Reached skill level 1 in Unarmed Combat
   851 | D:2      | Reached skill level 1 in Evocations
   853 | D:2      | Reached XP level 4. HP: 38/38 MP: 2/11
  1066 | D:2      | Reached skill level 1 in Conjurations
  1066 | D:2      | Reached skill level 1 in Hexes
  1066 | D:2      | Reached skill level 1 in Summonings
  1066 | D:2      | Reached skill level 1 in Necromancy
  1066 | D:2      | Reached skill level 1 in Translocations
  1066 | D:2      | Reached skill level 1 in Transmutations
  1066 | D:2      | Reached skill level 1 in Fire Magic
  1066 | D:2      | Reached skill level 1 in Ice Magic
  1066 | D:2      | Reached skill level 1 in Air Magic
  1066 | D:2      | Reached skill level 1 in Earth Magic
  1066 | D:2      | Reached skill level 1 in Poison Magic
  1125 | D:2      | Noticed Terence
  1140 | D:2      | Killed Terence
  1140 | D:2      | Reached XP level 5. HP: 42/43 MP: 3/12
  2094 | D:4      | Reached XP level 6. HP: 50/50 MP: 8/13
  2311 | D:4      | Reached skill level 5 in Fighting
  2311 | D:4      | Reached skill level 5 in Polearms
  2311 | D:4      | Reached skill level 5 in Dodging
  2535 | D:4      | Reached XP level 7. HP: 48/56 MP: 15/15
  2679 | D:5      | Entered Level 5 of the Dungeon
  3019 | D:5      | Found a glowing drain.
  3023 | Sewer    | Entered a sewer
  3374 | Sewer    | Reached XP level 8. HP: 21/63 MP: 6/16
  3379 | Sewer    | Reached skill level 6 in Charms
  3381 | Sewer    | Slain by a bullfrog

Levels and vault maps discovered:
D:1:      dpeg_arrival_boxes_within_box, layout_rooms, minivault_11,
          bh_walls_and_bars
D:2:      layout_rooms, uniq_terence
D:3:      layout_basic, serial_glass, glass_columns_a, glass_columns_b,
          glass_columns_a, item_on_display_a, due_unseen_surprise,
          feat_on_display, item_on_display_a
D:4:      layout_cave_pools, first_ration, grunt_ministairs_11
D:5:      layout_basic, gup_sewer_entry_bowl, serial_shops, shop
Sewer:    sewer_minmay_w

Skill      XL: |  1  2  3  4  5  6  7  8 |
---------------+-------------------------+-----
Spellcasting   | 5 |  5.8
Invocations    | 1 2 3 |  3.1
Short Blades   | 1 2 |  2.8
Long Blades    | 1 2 |  2.8
Axes           | 1 2 |  2.8
Maces & Flails | 1 2 |  2.8
Staves         | 1 2 |  2.8
Slings         | 1 2 |  2.8
Bows           | 1 2 |  2.8
Crossbows      | 1 2 |  2.8
Throwing       | 1 2 |  2.8
Stealth        | 1 2 |  2.8
Shields        | 1 2 |  2.8
Unarmed Combat | 1 2 |  2.8
Evocations     | 1 2 |  2.8
Conjurations   | 1 2 |  2.3
Hexes          | 1 2 |  2.3
Summonings     | 1 2 |  2.3
Necromancy     | 1 2 |  2.3
Translocations | 1 2 |  2.3
Transmutations | 1 2 |  2.3
Fire Magic     | 1 2 |  2.3
Ice Magic      | 1 2 |  2.3
Air Magic      | 1 2 |  2.3
Earth Magic    | 1 2 |  2.3
Poison Magic   | 1 2 |  2.3
Armour         | 3 |  3.9
Fighting       | 5 |  5.4
Polearms       | 5 |  5.4
Dodging        | 5 |  5.4
Charms         | 6 |  6.0

Action                   |  1- 3 |  4- 6 |  7- 9 || total
-------------------------+-------+-------+-------++-------
Melee: Spear             |   120 |   236 |   192 ||   548
       Bite              |     6 |    21 |    18 ||    45
       Punch             |       |     3 |     1 ||     4
 Cast: Shroud of Golubri |     2 |    14 |    15 ||    31
       Song of Slaying   |     2 |     2 |    10 ||    14
       Spectral Weapon   |     1 |     8 |    12 ||    21
       Regeneration      |     1 |     2 |     4 ||     7
       Infusion          |       |       |     1 ||     1
  Use: Scroll            |       |     1 |     1 ||     2
 Stab: Sleeping          |     3 |     8 |       ||    11
       Distracted        |       |       |     3 ||     3
  Eat: Chunk             |       |     7 |     5 ||    12
Armor: Leather armour    |    20 |    55 |    42 ||   117
Dodge: Dodged            |    59 |   127 |   151 ||   337

Table legend:
 A = Non-vault XP
 B = Vault XP
 C = Vault XP percentage of total XP
 D = Non-vault monster count
 E = Vault monster count
 F = Vault count percentage of total count
                 A         B        C        D         E       F
            +---------+---------+-------+---------+---------+-------
      Total |     883 |     410 |  31.7 |     114 |      49 |  30.1
            +---------+---------+-------+---------+---------+-------
        D:1 |      73 |       0 |   0.0 |      33 |       0 |   0.0
        D:2 |      79 |      36 |  31.3 |      24 |       1 |   4.0
        D:3 |      78 |       0 |   0.0 |      24 |       0 |   0.0
        D:4 |     344 |      66 |  16.1 |      16 |       2 |  11.1
        D:5 |     309 |      16 |   4.9 |      17 |       2 |  10.5
      Sewer |       0 |     292 | 100.0 |       0 |      44 | 100.0
            +---------+---------+-------+---------+---------+-------
